 Dungeon Crawl Stone Soup version 0.30.0-29-ga12c61a403 (webtiles) character file.

Game seed: 7358736447297090679

2081 Nicoed the Destroyer (level 9, -8/45 HPs)
             Began as a Deep Elf Conjurer on June 7, 2023.
             Mangled by paps's ghost (12 damage)
             ... on level 5 of the Dungeon.
             The game lasted 00:14:13 (6596 turns).

Nicoed the Destroyer (Deep Elf Conjurer)            Turns: 6596, Time: 00:14:14

Health: -8/45      AC:  5    Str:  4    XL:     9   Next: 6%
Magic:  24/24      EV: 13    Int: 28    God:
Gold:   210        SH:  0    Dex: 19    Spells: 9/26 levels left

rFire   . . .        u - +8 dagger "Bihiuda" {protect, rPois}
rCold   . . .        (no shield)
rNeg    . . .        C - +0 steam dragon scales
rPois   +            (no helmet)
rElec   .            (no cloak)
rCorr   .            (no gloves)
SInv    .            (no boots)
Will    .....        (no amulet)
Stlth   +++          A - +6 ring of dexterity
HPRegen 0.27/turn    z - ring of poison resistance
MPRegen 0.19/turn

%: no passive effects
@: on berserk cooldown, slowed, very slow
A: no striking features
a: no special abilities


You were on level 5 of the Dungeon.
You visited 1 branch of the dungeon, and saw 8 of its levels.
You also visited: Sewer and Ossuary.

You collected 210 gold pieces.

Inventory:

Hand Weapons
 u - the +8 dagger "Bihiuda" (weapon) {protect, rPois}
   (You took it off an orc on level 4 of the Dungeon)

   rPois:     It protects you from poison.
Armour
 C - +0 steam dragon scales (worn)
Magical Staves
 y - a staff of air
Jewellery
 z - a ring of poison resistance (right hand)
 A - a +6 ring of dexterity (left hand)
 D - an amulet of guardian spirit
Wands
 f - a wand of mindburst (11)
 w - a wand of digging (5)
Scrolls
 d - a scroll of vulnerability
 i - 4 scrolls of magic mapping
 j - a scroll of butterflies
 k - 5 scrolls of teleportation
 l - 2 scrolls of poison
 q - 2 scrolls of enchant armour
 r - 7 scrolls of amnesia
 v - a scroll of fog
 E - a scroll of immolation
Potions
 a - a potion of might
 b - 3 potions of magic
 c - a potion of ambrosia
 e - a potion of attraction
 h - 3 potions of degeneration
 m - a potion of mutation
 p - a potion of brilliance
 t - a potion of resistance


   Skills:
 - Level 3.0 Dodging
 - Level 3.0 Stealth
 + Level 9.4 Spellcasting
 * Level 11.3 Conjurations


You had 9 spell levels left.
You knew the following spells:

 Your Spells              Type           Power      Damage    Failure   Level
a - Magic Dart            Conj           100%       1d8       1%          1
b - Searing Ray           Conj           100%       2d8       1%          2
c - Iskenderun's Mystic   Conj/Tloc      45%        2d10      4%          4
d - Passwall              Tmut/Erth      10%        N/A       6%          2
e - Swiftness             Air            13%        N/A       13%         3
f - Freezing Cloud        Conj/Ice/Air   17%        6-21      26%         5

Your spell library contained the following spells:

 Spells                   Type           Power      Damage    Failure   Level
 Dazzling Flash           Conj/Hex       90%        N/A       1%          3
 Mephitic Cloud           Conj/Pois/Air  34%        N/A       2%          3
 Fulminant Prism          Conj/Hex       22%        3d12      4%          4
 Ensorcelled Hibernation  Hex/Ice        26%        N/A       6%          2
 Poisonous Vapours        Pois/Air       26%        N/A       6%          2
 Call Canine Familiar     Summ           13%        N/A       13%         3
 Portal Projectile        Hex/Tloc       26%        N/A       13%         3
 Leda's Liquefaction      Hex/Erth       6%         N/A       38%         4


Dungeon Overview and Level Annotations

Branches:
Dungeon (8/15)              Sewer (visited)         Ossuary (visited)
 Temple: D:4-7         Lair: D:8-11

Altars:
Kikubaaqudgha
Wu Jian

Shops:
D:5 !

Annotations:
D:5 1 transporter, paps's ghost, novice OpSu


Message History

You feel sick.
You start resting.
You are no longer berserk.
You are exhausted.
You feel yourself slow down.
You feel sick.
You feel better.
Paps's ghost is nearby!
You cannot cast spells when silenced!
Unknown command.
You cannot cast spells when silenced!
Unknown command.
Okay, then.
You feel much better.
Your hearing returns.
Paps's ghost barely misses you. Paps's ghost hits you. Paps's ghost hits you!
You see here a killer bee corpse.
Paps's ghost attacks as you move away! Paps's ghost misses you.
Paps's ghost attacks as you move away!
Paps's ghost hits you but does no damage.
Paps's ghost hits you.
You are electrocuted!!
* * * LOW HITPOINT WARNING * * *
You feel better. Paps's ghost hits you.
* * * LOW HITPOINT WARNING * * *
Okay, then.
As you read the scroll labelled CUTTOEQ HYLA, it crumbles to dust.
The scroll dissolves into smoke.
It was a scroll of fog.
Paps's ghost closely misses you.
Paps's ghost hits you but does no damage.
Unknown command.
As you read the scroll labelled TADGHAE PUPREM, it crumbles to dust.
You assume a fearsome visage.
Paps's ghost is unaffected.
It was a scroll of fear.
Paps's ghost hits you.
* * * LOW HITPOINT WARNING * * *
Unknown command.
As you read the scroll labelled JEFOFU TERHU, it crumbles to dust.
The creatures around you are filled with an inner flame!
It was a scroll of immolation.
Paps's ghost closely misses you. Paps's ghost hits you!
You die...

############ ########..........#
##..)....©.......#.##
##..#############....##
#..#####..§§†#####[...####
#####.###...#.§§#W§.###......#
....+.##..#..###@§#..##......#
#####.###...#!§§#§§.###......#
#...#####..#§.#####...########
####..###.#.#...#...###..#.......
....'.##..#..###..#..##..'.......
..###.###...#...#y#.###..#.#####.
..# #..#####!Wyyy#####..##.# #.
### ##..#############..###.# #.
##.......©........###.# #.


You could see paps's ghost (inner flame).

Vanquished Creatures
  Sigmund (D:4)
  A wyvern (D:5)
  A steam dragon (D:7)
  An ice beast (D:6)
  Pargi (Sewer)
  A black bear (D:5)
  A phantom (D:4)
  4 elf zombies (Ossuary)
  A scorpion (D:4)
  4 killer bees (D:5)
  4 centaur zombies (Ossuary)
  2 human zombies (Ossuary)
  A hound (D:4)
  5 orc priests
  A jelly (D:6)
  A sleepcap (D:4)
  Ijyb (D:4)
  2 iguanas
  An orc wizard (D:5)
  A hound zombie (Ossuary)
  3 mummies (Ossuary)
  4 gnolls (D:5)
  6 adders
  4 adder zombies (Ossuary)
  5 worms
  A dart slug (D:4)
  12 orcs
  5 ball pythons
  8 endoplasms
  3 giant cockroaches (D:2)
  5 hobgoblins
  5 jackals
  7 kobolds
  3 quokkas
  7 bats
  A frilled lizard (D:2)
  8 goblins
  2 goblin zombies (Ossuary)
  A hobgoblin zombie (Ossuary)
  5 jackal zombies (Ossuary)
  A kobold zombie (Ossuary)
  An orc zombie (Ossuary)
  7 quokka zombies (Ossuary)
  2 rats (D:3)
  4 rat zombies (Ossuary)
145 creatures vanquished.

Notes
Turn   | Place    | Note
-------+----------+-------------------------------------------
     0 | D:1      | Nicoed the Deep Elf Conjurer began the quest for the Orb.
     0 | D:1      | Reached XP level 1. HP: 10/10 MP: 6/6
   308 | D:1      | Reached XP level 2. HP: 15/15 MP: 5/8
   719 | D:2      | Reached XP level 3. HP: 19/19 MP: 7/10
   725 | D:2      | Learned a level 2 spell: Searing Ray
   794 | D:2      | Reached skill level 5 in Conjurations
  1415 | D:3      | Reached XP level 4. HP: 24/24 MP: 7/11
  1988 | D:4      | Noticed Ijyb
  1996 | D:4      | Killed Ijyb
  2002 | D:4      | Found an ancient bone altar of Kikubaaqudgha.
  2082 | D:4      | Reached skill level 6 in Conjurations
  2082 | D:4      | Reached XP level 5. HP: 12/28 MP: 1/13
  2095 | D:4      | Found a sand-covered staircase.
  2101 | Ossuary  | Entered an ossuary
  2417 | Ossuary  | Reached skill level 5 in Spellcasting
  2477 | Ossuary  | Reached XP level 6. HP: 19/32 MP: 1/16
  2700 | Ossuary  | Reached skill level 7 in Conjurations
  2708 | Ossuary  | Learned a level 4 spell: Iskenderun's Mystic Blast
  2711 | Ossuary  | Learned a level 2 spell: Passwall
  2715 | Ossuary  | Learned a level 3 spell: Swiftness
  3009 | Ossuary  | Reached XP level 7. HP: 36/36 MP: 12/18
  3146 | Ossuary  | Reached skill level 8 in Conjurations
  3483 | D:4      | Identified the +8 dagger "Bihiuda" {protect, rPois}
  3632 | D:4      | Noticed Sigmund
  3640 | D:4      | Killed Sigmund
  3773 | D:4      | Reached skill level 9 in Conjurations
  3925 | D:4      | Learned a level 5 spell: Freezing Cloud
  3981 | D:4      | Reached XP level 8. HP: 41/41 MP: 13/21
  4401 | D:5      | Entered Level 5 of the Dungeon
  4546 | D:5      | Found an ornate altar of the Wu Jian Council.
  5013 | D:5      | Reached skill level 10 in Conjurations
  5407 | D:5      | Found Zaof's Distillery.
  5415 | D:5      | You fall into a shaft and drop 3 floors!
  5427 | D:8      | Noticed a two-headed ogre
  5567 | D:6      | Found a glowing drain.
  5573 | Sewer    | Entered a sewer
  5694 | Sewer    | Noticed Pargi
  5702 | Sewer    | Killed Pargi
  6029 | D:5      | Noticed paps's ghost (novice OpSu)
  6030 | D:5      | Found a transporter.
  6035 | D:5      | Found a transporter.
  6158 | D:5      | Reached skill level 11 in Conjurations
  6579 | D:5      | Reached XP level 9. HP: 37/45 MP: 24/24
  6596 | D:5      | Mangled by paps's ghost

Illustrated notes

Levels and vault maps discovered:
D:1:      wander_arrival_estate, layout_rooms
D:2:      layout_rooms, columned_hall_lemuel, kennysheep_minor_cross,
          dreamdust_princess_bridge
D:3:      layout_rooms
D:4:      layout_cave_pools, general_overflow_altar, nicolae_ossuary_entry_plus,
          serial_bayou_lake_a, uniq_sigmund, uniq_ijyb
D:5:      layout_basic, nzn_wu_jian_contemplation, gammafunk_ghost_hive,
          serial_shops, shop, chequers_decorated_corner
D:6:      layout_basic, grunt_dithmenos_shadows, minmay_temple_entry_ruins,
          gup_sewer_entry_bubbles, nicolae_titane, uniq_maggie, uniq_pikel,
          uniq_prince_ribbit1
D:7:      layout_cave_pods, serial_glass, glass_columns_a, glass_columns_a,
          item_on_display_a, minmay_strange_pillars, feat_on_display,
          due_unseen_surprise, nicolae_wooded_promenade,
          minmay_chambers_of_fives
D:8:      layout_layer_cave, mainiacjoe_overflow_six_doors_small,
          mainiacjoe_overflow_swirl, erik_lair_island,
          chequers_serial_rivers_large_b, hex_large

Skill      XL: |  1  2  3  4  5  6  7  8 |
---------------+-------------------------+-----
Stealth        | 3 |  3.0
Dodging        | 3 |  3.0
Conjurations   | 5 6 7 9 11 | 11.3
Spellcasting   | 4 5 6 7 9 |  9.4

Action                     |  1- 3 |  4- 6 |  7- 9 || total
---------------------------+-------+-------+-------++-------
  Melee: Unarmed           |       |     9 |       ||     9
         Dagger            |       |       |     8 ||     8
   Cast: Magic Dart        |    54 |    76 |    85 ||   215
         Searing Ray       |     1 |    20 |    40 ||    61
         Iskenderun's Myst |       |       |     7 ||     7
         Freezing Cloud    |       |       |     1 ||     1
  Evoke: Wand              |       |     5 |     4 ||     9
    Use: Scroll            |       |     3 |    20 ||    23
         Potion            |       |       |     5 ||     5
   Stab: Paralysed         |       |     6 |       ||     6
 Armour: Robe              |     1 |    15 |     6 ||    22
         Steam dragon scal |       |       |    16 ||    16
  Dodge: Dodged            |     2 |    56 |    47 ||   105
